 Dungeon Crawl Stone Soup version 0.25.0 (webtiles) character file.

Game seed: 2206765006079108766

168518 gruber the Markscentaur (level 17, -2/140 HPs)
             Began as a Centaur Hunter on June 12, 2020.
             Was the Champion of Okawaru.
             Slain by a spark wasp (5 damage)
             ... on level 4 of the Spider Nest.
             The game lasted 00:43:16 (31030 turns).

gruber the Markscentaur (Centaur Hunter)           Turns: 31030, Time: 00:43:16

Health: -2/140     AC: 31    Str: 24      XL:     17   Next: 33%
Magic:  0/24       EV: 11    Int: 10      God:    Okawaru [******]
Gold:   1673       SH:  0    Dex: 10 (11) Spells: 20/22 levels left

rFire    + . .     SeeInvis +   w - +2 longbow (freeze)
rCold    + . .     Gourm    .   (shield currently unavailable)
rNeg     . . .     Faith    .   Q - +4 scale mail of Eblah {rElec MR+}
rPois    +         Spirit   +   X - +0 hat {MR+}
rElec    +         Reflect  .   n - +2 cloak
rCorr    .         Harm     .   Y - +1 pair of gloves {Str+3}
MR       +++..                  S - +2 centaur barding {rF+}
Stlth    ++........             E - amulet of guardian spirit
HPRegen  0.33/turn              W - ring of poison resistance
MPRegen  0.19/turn              K - ring of Vuow {rC+ Slay+2 SInv Stlth+}

@: about to teleport, heroism, very quick
A: large, hooves 3, deformed body, speed 2, tough skin 3
a: Heroism, Finesse, Renounce Religion


You were on level 4 of the Spider Nest.
You worshipped Okawaru.
Okawaru was exalted by your worship.
You were hungry.

You visited 4 branches of the dungeon, and saw 27 of its levels.
You also visited: Sewer.

You collected 3802 gold pieces.
You spent 2129 gold pieces at shops.

Inventory:

Hand Weapons
 a - a +1 longbow of flaming
 w - a +2 longbow of freezing (weapon)
 G - the +7 Singing Sword {vorpal, sonic wave}
   (You found it on level 6 of the Dungeon)

   It inflicts extra damage upon your enemies.
Missiles
 d - 321 arrows (quivered)
Armour
 n - a +2 cloak (worn)
 Q - the +4 scale mail of Eblah (worn) {rElec MR+}
   (Okawaru gifted it to you on level 14 of the Dungeon)

   It insulates you from electricity.
   It affects your resistance to hostile enchantments.
 S - a +2 centaur barding of fire resistance (worn)
 X - a +0 hat of magic resistance (worn)
 Y - a +1 pair of gloves of strength (worn)
 Z - a +1 centaur barding of flying
Jewellery
 t - an uncursed ring of ice
 y - the ring of Cepp {Ice Slay+6 Stlth+}
   (You found it on level 4 of the Dungeon)

   [ring of ice]

   It enhances your ice magic.
   It affects your accuracy and damage with ranged weapons and melee attacks
   (+6).
   It makes you vulnerable to fire.
   It protects you from cold.
   It makes you more stealthy.
 B - an uncursed ring of protection from magic
 E - an amulet of guardian spirit (around neck)
 I - an uncursed ring of resist corrosion
 K - the ring of Vuow (right hand) {rC+ Slay+2 SInv Stlth+}
   (You bought it in a shop on level 12 of the Dungeon)

   [ring of see invisible]

   It affects your accuracy and damage with ranged weapons and melee attacks
   (+2).
   It protects you from cold.
   It lets you see invisible.
   It makes you more stealthy.
 T - an uncursed ring of positive energy
 W - a ring of poison resistance (left hand)
Wands
 b - a wand of enslavement (31)
 e - a wand of random effects (15)
 o - a wand of acid (6)
 A - a wand of clouds (6)
 H - a wand of digging (4)
 L - a wand of flame (47)
 O - a wand of disintegration (28)
Scrolls
 c - a scroll of vulnerability {unknown}
 g - 3 scrolls of amnesia {unknown}
 h - 11 scrolls of fear {unknown}
 m - 11 scrolls of remove curse
 p - 9 scrolls of teleportation
 q - 4 scrolls of enchant weapon {unknown}
 s - 5 scrolls of fog {unknown}
 v - 6 scrolls of magic mapping {unknown}
 C - a scroll of immolation {unknown}
 D - 2 scrolls of summoning {unknown}
 J - 3 scrolls of acquirement {unknown}
 M - a scroll of brand weapon {unknown}
 N - 3 scrolls of enchant armour {unknown}
 P - 2 scrolls of identify
 U - a scroll of torment {unknown}
 V - 2 scrolls of blinking {unknown}
Potions
 i - a potion of invisibility
 j - 3 potions of heal wounds
 k - 13 potions of curing
 l - 3 potions of magic
 r - 5 potions of might
 u - 8 potions of stabbing
 x - a potion of berserk rage {unknown}
 z - 4 potions of ambrosia
 F - 3 potions of brilliance
 R - 2 potions of haste
Comestibles
 f - 42 rations


   Skills:
 - Level 10.1(15.1) Fighting
   Level 5.2(10.2) Maces & Flails
   Level 3.1(8.1) Polearms
 - Level 20.4(25.4) Bows
 * Level 13.8(18.8) Armour
 - Level 6.0(11.0) Dodging
 - Level 0.4(5.4) Stealth
 - Level 3.3 Spellcasting
 - Level 6.0 Translocations
 - Level 10.0 Invocations


You had 20 spell levels left.
You knew the following spells:

 Your Spells              Type           Power        Failure   Level  Hunger
a - Blink                 Tloc           N/A          6%          2    ###....

Your spell library contained the following spells:

 Spells                   Type           Power        Failure   Level  Hunger
 Gell's Gravitas          Tloc           ##........   12%         3    ###....
 Animate Skeleton         Necr           N/A          43%         1    #......
 Freeze                   Ice            #...         43%         1    #......
 Magic Dart               Conj           #...         43%         1    #......
 Pain                     Necr           #...         43%         1    #......
 Sandblast                Erth           #.....       43%         1    #......
 Sting                    Tmut/Pois      #...         43%         1    #......
 Call Imp                 Summ           #.......     56%         2    ###....
 Slow                     Hex            #.......     56%         2    ###....
 Confusing Touch          Hex            #.......     80%         3    ###....
 Conjure Flame            Conj/Fire      #.......     80%         3    ###....
 Frozen Ramparts          Ice            #.....       80%         3    ###....
 Ignite Poison            Fire/Tmut/Pois #.......     80%         3    ###....
 Mephitic Cloud           Conj/Pois/Air  #.......     80%         3    ###....
 Spider Form              Tmut/Pois      #.........   80%         3    ###....
 Vampiric Draining        Necr           #.........   80%         3    ###....
 Animate Dead             Necr           N/A          99%         4    #####..
 Ice Form                 Ice/Tmut       #.......     99%         4    #####..
 Olgreb's Toxic Radiance  Pois           #.......     99%         4    #####..
 Petrify                  Tmut/Erth      #.......     99%         4    #####..
 Agony                    Necr           #.......     100%        5    ######.
 Fireball                 Conj/Fire      #.........   100%        5    ######.
 Metabolic Englaciation   Hex/Ice        #.........   100%        5    ######.
 Yara's Violent Unravell  Hex/Tmut       #.........   100%        5    ######.
 Eringya's Noxious Bog    Tmut/Pois      #.........   100%        6    #######
 Starburst                Conj/Fire      #.........   100%        6    #######
 Statue Form              Tmut/Erth      #........    100%        6    #######
 Ring of Flames           Chrm/Fire      #.........   100%        7    #######
 Ignition                 Fire           #.........   100%        8    #######


Dungeon Overview and Level Annotations

Branches:
Dungeon (15/15)            Temple (0/1) D:6            Lair (6/6) D:9
 Shoals (0/4) Lair:4       Spider (4/4) Lair:4        Slime (0/5) Lair:6
    Orc (2/2) D:9             Elf (0/3) Orc:2        Vaults (0/5) D:14
 Depths (0/5) D:15          Sewer (visited)

Altars:
Fedhas
Okawaru
Wu Jian
Yredelemnul
Beogh
Jiyva

Shops:
D:7 ?   D:11 *!   D:12 =   Orc:2 [*!*

Annotations:
Spider:2 2 runed translucent doors, funkygono's ghost, journeyman MiFi


Innate Abilities, Weirdness & Mutations

You have hooves in place of feet.
Armour fits poorly on your strangely shaped body.
You cover ground very quickly.
You have extremely tough skin. (AC +3)


Message History

The hornet is caught in a web!
The ghost moth is engulfed in freezing vapours.
The ghost moth stares at you. The ghost moth hits you.
* * * LOW HITPOINT WARNING * * *
The ghost moth hits you but does no damage.
The ghost moth closely misses you.
Unknown command.
Unknown command.
As you read the scroll of teleportation, it crumbles to dust.
You feel strangely unstable.
The jumping spider is engulfed in freezing vapours.
The jumping spider leaps!
The jumping spider is engulfed in freezing vapours. x2
The jumping spider leaps!
The spark wasp is engulfed in freezing vapours.
The spark wasp stings you!!
* * * LOW HITPOINT WARNING * * *
The spark wasp shocks you. You resist.
You die...

... ..... ..
.s###^..###..
s.#.....#... s.........#
# ........# ## .s....^
#. ##'''## ##.#
^#.s######.^...######..#
.ssy§ys@ys§§...^......##
..#§§sy##☼§☼...#...#...#
#§☼§s..#§§.#..^.##....
#§☼s.#..^#.#..#^..#.#.
#§#..##^^#†^.^#...#...
#^..○...^†##...#.[/#.^
.#....#^#.#^[..^#^.... .
#......#.^..#^.#.#... #
.#..#^.#...#^#^..##


You could see a ghost moth (invisible, corroded), a spark wasp, a demonic
crawler, a wolf spider, an orb spider, a hornet (webbed), 3 jumping spiders, a
tarantella, a redback and a meliai.

Vanquished Creatures
  Mara (Spider:3)
  Gastronok (Lair:3)
  An orc warlord (Orc:2)
  3 entropy weavers
  A dire elephant (D:15)
  Nessos (Lair:5)
  A spark wasp (Spider:3)
  Snorg (D:13)
  A fire dragon (Lair:4)
  Fannar (Orc:1)
  7 hydras
  2 catoblepae
  Erica (Lair:1)
  3 centaur warriors
  2 ogre magi
  11 two-headed ogres
  A deep troll shaman (Lair:6)
  3 death yaks (Lair:6)
  A tengu warrior (D:15)
  A queen ant (Lair:3)
  4 orc high priests (Orc:2)
  Nergalle (D:12)
  Sonja (D:13)
  6 unseen horrors
  3 deep elf magi
  The ghost of Dirian the Carver, a novice MiFi (D:5)
  A phantasmal warrior (D:14)
  2 lindwurms
  18 orb spiders
  A necromancer (D:14)
  15 wolf spiders
  5 ugly things (D:15)
  5 cyclopes
  2 orc sorcerers (Orc:2)
  2 manticores
  Maurice (Orc:1)
  6 elephants
  2 gargoyles (D:11)
  2 merfolk sirens (Lair:4)
  3 torpor snails
  2 black mambas
  10 spiny frogs
  2 kobold demonologists
  An efreet (D:13)
  7 demonic crawlers
  10 rime drakes (Lair:4)
  2 tengu conjurers (D:14)
  7 komodo dragons
  3 merfolk
  3 hornets
  12 jumping spiders
  2 polar bears
  5 trolls
  8 blink frogs (Lair:5)
  5 slime creatures
  7 hippogriffs
  33 yaks
  56 redbacks
  2 vampires (D:12)
  5 shadows
  A wyvern (D:10)
  4 wraiths
  15 tarantellas
  3 basilisks
  7 steam dragons (Lair:4)
  8 vampire mosquitoes
  5 wargs
  2 acid dragons
  15 water moccasins
  21 soldier ants
  6 porcupines
  A phantom (D:6)
  A sky beast (D:14)
  17 orc warriors
  5 ice beasts
  6 black bears
  2 eyes of draining
  8 ogres
  18 wolves (Lair:6)
  10 crocodiles
  9 centaurs
  4 big kobolds
  18 bullfrogs
  A gnoll sergeant (D:8)
  7 scorpions
  12 howler monkeys
  4 electric eels
  8 crimson imps
  3 centaur zombies
  Crazy Yiuf (D:4)
  A bullfrog zombie (D:10)
  3 hounds
  28 orc priests
  6 jellies
  23 orc wizards
  3 bullfrog skeletons
  8 centaur skeletons
  Terence (D:2)
  4 iguanas
  29 worker ants
  4 yak simulacra (D:14)
  3 wolf simulacra (D:14)
  2 worker ant zombies
  5 gnolls (D:8)
  6 river rats (D:3)
  13 adders
  3 shadow imps
  10 oozes
  3 adder skeletons
  6 worms
  2 dart slugs (D:1)
  3 leopard geckos
  64 orcs
  3 ball pythons
  3 giant cockroaches
  5 goblins
  5 hobgoblins
  17 jackals
  2 quokkas
  14 bats
  4 frilled lizards
  A jackal skeleton (D:5)
  21 kobolds
  A leopard gecko skeleton (D:5)
  16 rats
  4 river rat simulacra (D:14)
  4 plants
859 creatures vanquished.

Vanquished Creatures (others)
  An ice beast (D:13)
  A fungus (Lair:6)
  A plant (Lair:6)
3 creatures vanquished.

Grand Total: 862 creatures vanquished

Notes
Turn   | Place    | Note
-------+----------+-------------------------------------------
     0 | D:1      | gruber the Centaur Hunter began the quest for the Orb.
     0 | D:1      | Reached XP level 1. HP: 17/17 MP: 1/1
    88 | D:1      | Reached skill level 6 in Bows
    88 | D:1      | Reached XP level 2. HP: 19/24 MP: 2/2
   595 | D:1      | Reached XP level 3. HP: 15/29 MP: 3/3
  1221 | D:2      | Noticed Terence
  1313 | D:2      | Reached skill level 7 in Bows
  1473 | D:2      | Killed Terence
  1473 | D:2      | Reached XP level 4. HP: 34/36 MP: 4/4
  2531 | D:3      | Reached skill level 1 in Polearms
  2702 | D:3      | Found a basalt altar of Yredelemnul.
  2736 | D:3      | Reached XP level 5. HP: 41/41 MP: 5/5
  2839 | D:3      | Found an ornate altar of the Wu Jian Council.
  2842 | D:3      | Found a blossoming altar of Fedhas.
  3163 | D:3      | Found a glowing drain.
  3180 | Sewer    | Entered a sewer
  3536 | Sewer    | Reached skill level 8 in Bows
  3536 | Sewer    | Reached XP level 6. HP: 30/48 MP: 6/6
  3834 | Sewer    | Reached skill level 9 in Bows
  4216 | D:4      | Got an ebony mace
  4221 | D:4      | Found a runed translucent door.
  4222 | D:4      | Noticed Crazy Yiuf
  4256 | D:4      | Identified the +5 mace of Atatud {drain, +Rage rC- MP+9
                  | Dex+4} (You found it on level 4 of the Dungeon)
  4384 | D:4      | Reached XP level 7. HP: 51/55 MP: 7/7
  4529 | D:4      | Got a flickering granite ring
  4531 | D:4      | Identified the ring of Cepp {Ice Slay+6 Stlth+} (You found
                  | it on level 4 of the Dungeon)
  4648 | D:4      | Reached skill level 10 in Bows
  5018 | D:4      | Killed Crazy Yiuf
  5077 | D:5      | Entered Level 5 of the Dungeon
  5240 | D:5      | Found a runed translucent gate.
  5240 | D:5      | Found a runed translucent gate.
  5242 | D:5      | Found a runed translucent gate.
  5246 | D:5      | Noticed Dirian's ghost (novice MiFi)
  5397 | D:5      | Reached skill level 11 in Bows
  5431 | D:5      | Reached skill level 1 in Maces & Flails
  5632 | D:5      | Found an iron altar of Okawaru.
  5638 | D:5      | Became a worshipper of Warmaster Okawaru
  5881 | D:6      | Reached XP level 8. HP: 61/61 MP: 8/8
  5884 | D:6      | Found a staircase to the Ecumenical Temple.
  6099 | D:6      | Found the +7 Singing Sword {vorpal, sonic wave}
  6168 | D:6      | Reached * piety under Okawaru
  6168 | D:6      | Reached skill level 5 in Maces & Flails
  6660 | D:7      | Got a masterwork quarterstaff
  6661 | D:7      | Identified the cursed +0 quarterstaff of Fear {venom,
                  | Dex+6} (You found it on level 7 of the Dungeon)
  6662 | D:7      | Noticed a hippogriff
  6669 | D:7      | Killed a hippogriff
  6685 | D:7      | Reached skill level 5 in Fighting
  6772 | D:7      | Reached ** piety under Okawaru
  6884 | D:7      | Reached XP level 9. HP: 75/75 MP: 9/9
  7004 | D:7      | Found Puulel's Magic Scroll Boutique.
  7012 | D:7      | Bought a scroll of teleportation for 42 gold pieces
  7012 | D:7      | Bought a scroll of identify for 28 gold pieces
  7012 | D:7      | Bought a scroll of identify for 28 gold pieces
  7946 | D:8      | Reached *** piety under Okawaru
  8363 | D:9      | Reached skill level 12 in Bows
  8478 | D:9      | Reached XP level 10. HP: 91/91 MP: 10/10
  8486 | D:9      | Reached **** piety under Okawaru
  8509 | D:9      | Found a staircase to the Orcish Mines.
  8531 | D:9      | Found a staircase to the Lair.
  8631 | D:9      | Reached skill level 13 in Bows
  9000 | D:9      | Reached skill level 14 in Bows
  9320 | D:10     | Entered Level 10 of the Dungeon
  9382 | D:10     | Reached ***** piety under Okawaru
  9908 | D:10     | Received a gift from Okawaru
  9908 | D:10     | Reached skill level 15 in Bows
 10097 | D:11     | Noticed a gargoyle
 10109 | D:11     | Killed a gargoyle
 10109 | D:11     | Reached skill level 1 in Armour
 10390 | D:11     | Noticed a two-headed ogre
 10400 | D:11     | Killed a two-headed ogre
 10434 | D:11     | Found Faipp's Distillery.
 10439 | D:11     | Bought a potion of haste for 130 gold pieces
 10439 | D:11     | Bought a potion of curing for 39 gold pieces
 10439 | D:11     | Bought a potion of degeneration for 13 gold pieces
 10510 | D:11     | Reached XP level 11. HP: 97/97 MP: 11/11
 10680 | D:11     | Found Goga's Assorted Antiques.
 10826 | D:12     | Noticed a five-headed hydra
 10840 | D:11     | Killed an unseen horror
 11114 | D:10     | Reached skill level 5 in Armour
 11207 | Lair:1   | Entered Level 1 of the Lair of Beasts
 11207 | Lair:1   | Noticed Erica
 11217 | Lair:1   | Noticed a four-headed hydra
 11254 | Lair:1   | Killed a four-headed hydra
 11256 | Lair:1   | Killed Erica
 11259 | Lair:1   | Received a gift from Okawaru
 12265 | Lair:2   | Received a gift from Okawaru
 12516 | Lair:2   | Received a gift from Okawaru
 12914 | Lair:3   | Noticed Gastronok
 12928 | Lair:3   | Killed Gastronok
 12928 | Lair:3   | Received a gift from Okawaru
 12928 | Lair:3   | Reached skill level 5 in Dodging
 12928 | Lair:3   | Reached XP level 12. HP: 75/104 MP: 8/12
 12929 | Lair:3   | Found the +8 orange crystal plate armour {Archmagi, Int+3
                  | Clar}
 13613 | Lair:3   | Noticed a queen ant
 13624 | Lair:3   | Killed a queen ant
 13624 | Lair:3   | Reached skill level 16 in Bows
 14280 | Lair:3   | Learned a level 2 spell: Blink
 14633 | Lair:4   | Noticed a seven-headed hydra
 14656 | Lair:4   | Killed a seven-headed hydra
 14840 | Lair:4   | Found a hole to the Spider Nest.
 14902 | Lair:4   | Received a gift from Okawaru
 14937 | Lair:4   | Reached skill level 5 in Translocations
 15120 | Lair:4   | Reached ****** piety under Okawaru
 15120 | Lair:4   | Received a gift from Okawaru
 15361 | Lair:4   | Reached skill level 1 in Spellcasting
 15397 | Lair:4   | You are sucked into a shaft and drop 2 floors!
 15397 | Lair:6   | Entered Level 6 of the Lair of Beasts
 15425 | Lair:5   | Noticed Nessos
 15455 | Lair:6   | Received a gift from Okawaru
 15566 | Lair:6   | Reached XP level 13. HP: 90/111 MP: 13/17
 15841 | Lair:6   | Found a staircase to the Slime Pits.
 15842 | Lair:6   | Found a viscous altar of Jiyva.
 16419 | Lair:6   | Reached skill level 10 in Fighting
 16517 | Lair:6   | Reached skill level 17 in Bows
 16595 | Lair:6   | Got an ivory great mace
 16596 | Lair:6   | Identified the cursed +0 great mace "Orrok" {drain, +Inv
                  | rF- MR+} (You found it on level 6 of the Lair of Beasts)
 17039 | Lair:6   | Reached skill level 18 in Bows
 17705 | Lair:5   | Received a gift from Okawaru
 18022 | Lair:5   | Reached skill level 1 in Invocations
 18103 | Lair:5   | Killed Nessos
 18620 | Lair:5   | Got a brightly glowing chain mail
 18621 | Lair:5   | Identified the +4 chain mail of Vehumet's Grace {rC+ Int+3
                  | Dex+4} (You found it on level 5 of the Lair of Beasts)
 18678 | Lair:4   | Noticed a fire dragon
 18713 | Lair:4   | Killed a fire dragon
 18815 | Lair:4   | Reached skill level 5 in Invocations
 18871 | Lair:4   | Found a staircase to the Shoals.
 19029 | Lair:4   | Identified the Handbook of Poisoning
 19163 | Lair:4   | Reached XP level 14. HP: 121/121 MP: 19/19
 19809 | D:12     | Noticed Nergalle
 19834 | D:12     | Killed Nergalle
 20170 | D:12     | Found Nauchocsix's Jewellery Shop.
 20228 | D:12     | Bought a cursed ring of attention for 76 gold pieces
 20230 | D:12     | Bought the ring of Vuow {rC+ Slay+2 SInv Stlth+} for 683
                  | gold pieces
 20513 | D:13     | Received a gift from Okawaru
 20679 | D:13     | Noticed Snorg
 20684 | D:13     | Killed Snorg
 20684 | D:13     | Reached skill level 10 in Invocations
 20709 | D:13     | Noticed Sonja
 20718 | D:13     | Killed Sonja
 21734 | D:14     | Found a gate to the Vaults.
 21886 | D:14     | Received a gift from Okawaru
 22495 | D:14     | Received a gift from Okawaru
 22498 | D:14     | Got a shimmering scale mail {god gift}
 22509 | D:14     | Identified the +4 scale mail of Eblah {rElec MR+} (Okawaru
                  | gifted it to you on level 14 of the Dungeon)
 22945 | D:15     | Entered Level 15 of the Dungeon
 23010 | D:15     | Reached XP level 15. HP: 116/126 MP: 20/22
 23067 | D:15     | Reached skill level 10 in Armour
 23481 | D:15     | Found a staircase to the Depths.
 24209 | Orc:1    | Entered Level 1 of the Orcish Mines
 24339 | Orc:1    | Noticed Fannar
 24348 | Orc:1    | Killed Fannar
 24375 | Orc:1    | Noticed Maurice
 24380 | Orc:1    | Killed Maurice
 24893 | Orc:2    | Entered Level 2 of the Orcish Mines
 24916 | Orc:2    | Found a staircase to the Elven Halls.
 24997 | Orc:2    | Received a gift from Okawaru
 24997 | Orc:2    | Reached skill level 19 in Bows
 25153 | Orc:2    | Found Loacun's Assorted Antiques.
 25153 | Orc:2    | Found Alao's Assorted Antiques.
 25161 | Orc:2    | Found Feci's Antique Armour Shoppe.
 25183 | Orc:2    | Noticed an orc warlord
 25213 | Orc:2    | Killed an orc warlord
 25343 | Orc:2    | Found Beusmisha's Distillery.
 25360 | Orc:2    | Bought a potion of experience for 750 gold pieces
 25361 | Orc:2    | Reached skill level 20 in Bows
 25361 | Orc:2    | Reached XP level 16. HP: 134/134 MP: 23/23
 25536 | Orc:2    | Found a roughly hewn altar of Beogh.
 26303 | Spider:1 | Entered Level 1 of the Spider Nest
 27400 | Spider:2 | Identified the Almanac of the Icy Mountains
 27433 | Spider:2 | Received a gift from Okawaru
 27933 | Spider:2 | Received a gift from Okawaru
 28034 | Spider:2 | Found a large runed translucent door.
 28034 | Spider:2 | Found a large runed translucent door.
 28036 | Spider:2 | Noticed funkygono's ghost (journeyman MiFi)
 28652 | D:5      | Killed Dirian's ghost
 28842 | D:12     | Bought an uncursed ring of poison resistance for 340 gold
                  | pieces
 29579 | Spider:3 | Reached XP level 17. HP: 132/140 MP: 21/24
 29852 | Spider:3 | Received a gift from Okawaru
 30256 | Spider:3 | Noticed Mara
 30259 | Spider:3 | Noticed gruber's illusion
 30288 | Spider:3 | Killed Mara
 30288 | Spider:3 | Received a gift from Okawaru
 30858 | Spider:4 | Entered Level 4 of the Spider Nest
 31025 | Spider:4 | Received a gift from Okawaru
 31030 | Spider:4 | HP: 3/140 [spark wasp (21)]
 31030 | Spider:4 | Slain by a spark wasp

Illustrated notes

Levels and vault maps discovered:
D:1:      nzn_arrival_crosshair, layout_basic, minmay_misc_feat_rugged,
          minmay_misc_feat_more_columns
D:2:      layout_basic, minmay_tree_intersection, st_stairs_8, uniq_terence
D:3:      layout_rooms, grunt_temple_overflow_open, serial_curves,
          eino_curves_02, eino_curves_02, lightli_sewer_entry_pipes, tgw_sif
D:4:      layout_basic, first_ration, uniq_crazy_yiuf_cottage
D:5:      layout_basic, lemuel_round_altar, gammafunk_ghost_necromancy
D:6:      minmay_bubble_buster, layout_basic, minmay_temple_entry_sparse_star
D:7:      layout_basic, serial_shops, nicolae_shop_crystal
D:8:      layout_gridville
D:9:      layout_loops_cross, lair_entry_dummy, david_orc_3,
          hangedman_little_slice_of_home
D:10:     layout_basic
D:11:     layout_roguey, serial_shops, shop, shop
D:12:     layout_rooms, serial_shops, nicolae_shop_statue_plus, uniq_nergalle
D:13:     layout_cave_pools, uniq_sonja, uniq_snorg
D:14:     layout_loops_corners, david_vaults_4, serial_co_window_serial,
          co_window_corner_a, co_window_paths_a, co_window_corner_a,
          co_window_paths_b, co_window_of_opportunity_a, co_window_corner_a,
          co_window_2corner, co_window_2corner, co_window_broadway_a,
          co_window_corner_cb, glass_columns_c, glass_columns_b,
          glass_columns_c, glass_columns_b, glass_columns_c,
          eino_house_with_fridge
D:15:     hangedman_depths_entry_try_elsewhere_first, layout_small_grid,
          hangedman_abyss_or_decor_slice
Lair:1:   layout_regular_city, lemuel_fruit_tree, uniq_erica
Lair:2:   layout_big_grid
Lair:3:   layout_hall_layers, minivault_29, uniq_gastronok
Lair:4:   layout_regular_city, elwin_shoals_entry_stream,
          spider_nest_entry_web_field, bobbens_dragon_lair_wall
Lair:5:   wander_river, layout_misc_corridors, serial_bayou_pond_b,
          grunt_megastairs_2, uniq_nessos
Lair:6:   grunt_lair_end_beastmaster, layout_cave_pods, slime_altar_1,
          serial_bayou_shore_a
Spider:1: layout_spider_delve, hangedman_spider_tarantella_strand
Spider:2: layout_spider_delve, ebering_ghost_disaster_area
Spider:3: layout_chambers, uniq_mara
Spider:4: johnstein_spider_rune_arachne_lair, special_room [special_room_bee],
          uniq_arachne
Orc:1:    layout_diamond_mine, mines_bat_river, uniq_maurice, uniq_fannar
Orc:2:    st_orc_mages, layout_diamond_mine, basic_altar, minmay_orc_keep

Skill      XL: |  1  2  3  4  5  6  7  8  9 10 11 12 13 14 15 16 17 |
---------------+----------------------------------------------------+-----
Bows           | 6 7 8 9 11 12 15 16 18 20 | 20.4
Polearms       | 1 3 |  3.1
Maces & Flails | 2 5 |  5.2
Fighting       | 5 9 10 | 10.1
Armour         | 3 7 9 11 12 13 | 13.8
Dodging        | 5 6 |  6.0
Translocations | 6 |  6.0
Spellcasting   | 2 3 |  3.3
Invocations    | 5 10 | 10.0
Stealth        | |  0.4

Action                   |  1- 3 |  4- 6 |  7- 9 | 10-12 | 13-15 | 16-18 || total
-------------------------+-------+-------+-------+-------+-------+-------++-------
Melee: Short sword       |    86 |    37 |       |       |       |       ||   123
       Kick              |    18 |    30 |     3 |       |    20 |       ||    71
       Trident           |       |    67 |       |       |       |       ||    67
       Dagger            |       |    50 |       |       |       |       ||    50
       Mace              |       |     3 |     9 |       |       |       ||    12
       Double sword      |       |       |       |       |    38 |       ||    38
 Fire: Shortbow          |    28 |    98 |   293 |   825 |   359 |       ||  1603
       Longbow           |       |       |       |       |   677 |   479 ||  1156
Invok: Heroism           |       |       |       |     4 |     6 |     4 ||    14
       Finesse           |       |       |       |       |     3 |     3 ||     6
Evoke: Wand              |       |       |       |     1 |       |     6 ||     7
  Use: Scroll            |       |     4 |     1 |       |    14 |     1 ||    20
       Potion            |       |       |       |     1 |     1 |     1 ||     3
  Eat: Chunk             |     1 |     8 |     9 |    13 |    24 |     9 ||    64
       Ration            |       |       |       |     1 |       |     1 ||     2
Armor: Leather armour    |    35 |    90 |    12 |    56 |    40 |       ||   233
       Troll leather arm |       |       |       |       |    14 |       ||    14
       Chain mail        |       |       |       |       |    97 |       ||    97
       Scale mail        |       |       |       |       |    48 |   148 ||   196
Dodge: Dodged            |    51 |   106 |     7 |    47 |   109 |    92 ||   412
       Rpst.: Double sword |       |       |       |       |     6 |       ||     6
